 Dungeon Crawl Stone Soup version 0.16-a0-3218-g9b393b2 (webtiles) character file.

151 myeffort the Grave Robber (level 5, -2/42 HPs)
             Began as a Deep Dwarf Necromancer on Dec 21, 2014.
             Slain by Fusha's ghost (5 damage)
             ... on level 3 of the Dungeon.
             The game lasted 00:04:21 (1439 turns).

myeffort the Grave Robber (Deep Dwarf Necromancer)  Turns: 1439, Time: 00:04:21

Health: -2/42      AC:  2    Str: 17    XL:     5   Next: 11%
Magic:  2/9        EV: 12    Int: 16    God:
Gold:   84         SH:  0    Dex: 13    Spells: 2 memorised, 4 levels left

rFire  . . .     SeeInvis .     a - +4 dagger
rCold  . . .     Clarity  .     f - +0 robe
rNeg   . . .     SustAb   +     (no shield)
rPois  .         Gourm    .     (no helmet)
rElec  .         Spirit   .     (no cloak)
rCorr  .         Warding  .     (no gloves)
rMut   .         Stasis   .     (no boots)
MR     .....                    (no amulet)
Stlth  +++.......               (no ring)
                                m - ring of sustain abilities

@: mighty, lethally poisoned, very slightly contaminated, non-regenerating, not
resistant to hostile enchantments, fairly stealthy
A: damage resistance, recharge devices, sense surroundings 1, slow healing 3
a: Device Recharging


You were on level 3 of the Dungeon.
You were not hungry.

You visited 1 branch of the dungeon, and saw 3 of its levels.

You collected 84 gold pieces.

Inventory:

Hand weapons
 a - a +4 dagger (weapon)
Armour
 f - a +0 robe (worn)
Jewellery
 m - a ring of sustain abilities (left hand)
Magical devices
 c - a wand of heal wounds (5)
Scrolls
 e - a scroll of random uselessness {unknown}
 i - a scroll of enchant weapon {unknown}
 n - a scroll of identify {unknown}
 o - 3 scrolls of immolation {unknown}
 r - a scroll of amnesia {unknown}
 s - a scroll of noise {unknown}
 t - a scroll of fog {unknown}
Potions
 k - a potion of curing
Books
 b - a book of Necromancy

   Spells                             Type                      Level
   a - Pain                           Necromancy                   1
   b - Animate Skeleton               Necromancy                   1
   c - Vampiric Draining              Necromancy                   3
   d - Regeneration                   Charms/Necromancy            3
   e - Animate Dead                   Necromancy                   4
   f - Control Undead                 Necromancy                   4
Comestibles
 d - 2 bread rations
 g - 6 chunks of flesh
 j - a meat ration
 p - a beef jerky
 q - a royal jelly


   Skills:
 - Level 2.1 Dodging
 + Level 4.7 Stealth
 - Level 2.3 Spellcasting
 + Level 5.7 Necromancy


You had 4 spell levels left.
You knew the following spells:

 Your Spells              Type           Power        Failure   Level  Hunger
a - Pain                  Necr           ###.         1%          1    #......
b - Vampiric Draining     Necr           ###.......   8%          3    ###....


Dungeon Overview and Level Annotations

Branches:
Dungeon (3/15)

Altars:
Okawaru
Ru
The Shining One

Annotations:
D:3 Fusha's ghost, average DsSu


Innate Abilities, Weirdness & Mutations

You are resistant to damage.
You can recharge devices by infusing magical energy.
You passively map a small area around you.
You do not heal naturally.


Message History

Fusha's ghost hits you!
* * * LOW HITPOINT WARNING * * *
You are more poisoned.
You puncture Fusha's ghost!
Fusha's ghost is moderately damaged.
Fusha's ghost misses you.
You closely miss Fusha's ghost.
Fusha's ghost is moderately damaged.
Fusha's ghost hits you.
* * * LOW HITPOINT WARNING * * *
You are more poisoned.
You puncture Fusha's ghost!
Fusha's ghost is heavily damaged.
You feel sick. Fusha's ghost hits you.
* * * LOW HITPOINT WARNING * * *
You hit Fusha's ghost.
Fusha's ghost is heavily damaged.
* * * LOW HITPOINT WARNING * * *
You feel sick. Fusha's ghost hits you.
You die...

, .#. ... , #.... * ....# *
#.#####...# ####...###
#........#
....#.....###.....)..#
............##........#
......................#,
............#.........# *
#.......W......#.......# *
#@#...#.##......#* * ,, #.#
#........##.## ... #.#
#.####......#.
,.....#.###..#####.#.... ,
.....##?..##...###.#.##. , ,
....##.####.###...##...##.
.........###.##.....##.....
...........##............##.
*
..........................##.


You could see Fusha's ghost.

Vanquished Creatures
  Sigmund (D:3)
  An adder (D:2)
  A giant mite (D:1)
  3 worms
  4 giant geckos
  9 goblins
  5 hobgoblins
  2 quokkas
  5 bats
  A giant cockroach (D:1)
  A giant newt (D:1)
  6 kobolds
  3 rats
42 creatures vanquished.

Notes
Turn   | Place    | Note
--------------------------------------------------------------
     0 | D:1      | myeffort, the Deep Dwarf Necromancer, began the quest for the Orb.
     0 | D:1      | Reached XP level 1. HP: 15/15 MP: 2/2
   235 | D:1      | Reached XP level 2. HP: 22/22 MP: 1/5
   678 | D:2      | Reached XP level 3. HP: 22/28 MP: 4/6
   717 | D:2      | Learned a level 3 spell: Vampiric Draining
   797 | D:2      | Found a sacrificial altar of Ru.
  1000 | D:2      | Reached skill level 5 in Necromancy
  1118 | D:2      | Found a glowing golden altar of the Shining One.
  1221 | D:2      | Reached XP level 4. HP: 33/36 MP: 0/8
  1288 | D:3      | Found an iron altar of Okawaru.
  1418 | D:3      | Noticed Sigmund
  1429 | D:3      | Noticed Fusha's ghost (average DsSu)
  1434 | D:3      | Killed Sigmund
  1434 | D:3      | Reached XP level 5. HP: 16/42 MP: 1/9
  1439 | D:3      | Slain by Fusha's ghost

Action                   |  1- 3 |  4- 6 || total
-------------------------+-------+-------++-------
Melee: Dagger            |    41 |    21 ||    62
 Cast: Pain              |    53 |    11 ||    64
       Vampiric Draining |     3 |     3 ||     6
  Use: Potion            |       |     3 ||     3
 Stab: Sleeping          |       |     1 ||     1
  Eat: Chunk             |     2 |     1 ||     3
